Maple Leafs vs Golden Knights

Created - 24 janvier 2024 at 10:46

Goals
1 2 3 T
Maple Leafs 0 3 0 3
Golden Knights 1 1 0 2
Shots
1 2 3 T
Maple Leafs 9 12 25 46
Golden Knights 18 8 9 35

GoalsPenalties
1st period
1. Golden Knights , Troy Terry 13 (Michael Bunting 15, Dylan Strome 16) at 12:28
No Penalty
2nd period
2. Maple Leafs , Ryan O'Reilly 24 (Darnell Nurse 22) at 0:59
3. Maple Leafs , Sam Gagner 11 (Cal Clutterbuck 7, Colton Parayko 7) at 5:52
4. Maple Leafs , Colin Miller 4 (Lars Eller 18, Mason Appleton 10) at 8:47
5. Golden Knights , Chandler Stephenson 22 (Nick Suzuki 16, Patrice Bergeron 29) at 16:45
Patrice Bergeron (GKV) for Fighting (Major) at 1:12
Nick Cousins (TOR) for Fighting (Major) at 1:12
Nick Cousins (TOR) for instigated a fight (Minor) at 1:12
Nick Cousins (TOR) for instigated a fight (10 Minutes Misconduct) at 1:12
3rd period
No Goal
Nathan Beaulieu (TOR) for Hooking (Minor) at 1:55
Nathan Beaulieu (TOR) for Kneeing (Minor) at 9:18
Michael Bunting (GKV) for Hooking (Minor) at 18:04
Goalie Stats
Anthony Stolarz (TOR), 33 saves from 35 shots - (0,943), W, 12-3-0, 60:00 minutes
Darcy Kuemper (GKV), 43 saves from 46 shots - (0,935), L, 34-14-3, 60:00 minutes
3 StarsOfficial
1 - Anthony Stolarz (TOR)
2 - Darcy Kuemper (GKV)
3 - Ryan O'Reilly (TOR)
Referees : Carter Sandlak and Kelly Cooke
Linesman : Ryan Gibbons and Derek Nansen
Game Note
Patrice Bergeron and Nick Cousins fight to a draw at 1:12 of 2nd period
Finance
Level 1 -- Attendance: 4524 (75%) -- Ticket Income $452,400
Level 2 -- Attendance: 3891 (78%) -- Ticket Income $233,460
Level 3 -- Attendance: 2000 (100%) -- Ticket Income $70,000
Level 4 -- Attendance: 2386 (60%) -- Ticket Income $59,650
Luxury Box -- Attendance: 987 (99%) -- Ticket Income $197,400
Game was played at the T-Mobile Arena.
Total Attendance: 13788 (77%)
Total Ticket Income: $1,012,910
Other Income: $303,873
Total Income: $1,316,783



Team Name Goals Shots Shots Attemp Shots Blocked PIM HIT PP PK FO%
Maple Leafs 346861521210 / 1 (0%)051%
Golden Knights 23576167250 / 3 (0%)049%

Maple Leafs
Player Name POS G A P +/- PIM HIT SHT SB MP PP MP PP SHT PK MP PK SHT FO% FOT GA TA
Brent BurnsD0000032225:091:5512:3000% 011
Cal ClutterbuckRW0110032010:490:0000:0000% 000
Colin MillerD1010014516:580:0000:0000% 014
Colton ParaykoD0110013021:050:0003:2700% 000
Darnell NurseD0110005226:521:5513:2700% 011
Emil BemstromLW/RW000-1011013:020:0000:4400% 100
Filip ForsbergLW0001014017:591:5510:0000% 000
Jan RuttaD0001020115:440:0002:3000% 000
Lars EllerC0111014016:170:0002:52061% 1810
Mason AppletonC/RW0111002011:540:0000:0000% 100
Matt NietoLW/RW000-1023216:260:0002:520100% 111
Michael RasmussenC/LW000-1012114:480:0002:21060% 1011
Nathan BeaulieuD0001400014:350:0000:0000% 000
Nick CousinsC/LW000-1171508:590:0000:0000% 101
Ryan O'ReillyC1011014021:511:5502:21057% 2310
Sam GagnerC/RW1010004111:340:0000:44038% 1610
T.J. OshieRW0001030117:211:5500:0000% 100
Vinnie HinostrozaLW/RW0002001012:370:0000:00033% 300
Golden Knights
Player Name POS G A P +/- PIM HIT SHT SB MP PP MP PP SHT PK MP PK SHT FO% FOT GA TA
Alex NewhookC/LW000002007:080:0000:0000% 110
Cale MakarD0000000226:153:4401:5500% 010
Chandler StephensonC/LW1010012018:002:5100:1300% 100
Charlie McAvoyD000-1001222:482:1300:0000% 000
Daniel SprongLW/RW000001107:080:0000:0000% 010
Dylan StromeC/LW0110020111:530:0000:00063% 1901
Ilya LyubushkinD0000001110:570:0000:0000% 000
Jaccob SlavinD0000022426:153:4401:5500% 001
Jani HakanpaaD0000020010:570:0000:0000% 000
Josh MorrisseyD000-1013322:482:1300:0000% 012
Kirby DachC/RW000001007:080:0000:0000% 000
Kyle ConnorLW000-1013023:113:0601:42033% 300
Michael BuntingLW0110210011:400:0000:0000% 010
Mika ZibanejadC000-1024023:113:0601:42044% 2520
Mitchell MarnerRW000-1038221:293:0600:0000% 303
Nick SuzukiC/RW0110044017:472:5100:0000% 011
Patrice BergeronC/LW0111513114:110:0000:13050% 2000
Troy TerryRW101-1013015:172:5100:000100% 310

Maple Leafs

5 vs 5 Forward
Line #Left WingCenterRight WingPHYDFOFWanted %Time %Time Play
1Filip ForsbergRyan O'ReillyT.J. Oshie0323333%16:58
2Nick CousinsMichael RasmussenMatt Nieto0322524%12:27
3Vinnie HinostrozaLars EllerMason Appleton0322223%11:54
4Emil BemstromSam GagnerCal Clutterbuck0322021%10:49
5 vs 5 Defense
Line #DefenseDefensePHYDFOFWanted %Time %Time Play
1Darnell NurseBrent Burns0323737%19:09
2Colin MillerColton Parayko0323433%17:11
3Nathan BeaulieuJan Rutta0322927%14:12
4Darnell NurseBrent Burns02303%1:36
Power Play Forward
Line #Left WingCenterRight WingPHYDFOFWanted %Time %Time Play
1Filip ForsbergRyan O'ReillyT.J. Oshie11362100%1:55
2Nick CousinsMichael RasmussenSam Gagner113380%0:00
Power Play Defense
Line #DefenseDefensePHYDFOFWanted %Time %Time Play
1Darnell NurseBrent Burns11365100%1:55
2Colin MillerColton Parayko113350%0:00
Penalty Kill 4 Players Forward
Line #CenterWingPHYDFOFWanted %Time %Time Play
1Lars EllerMatt Nieto0415461%3:36
2Ryan O'ReillyMichael Rasmussen1314639%2:21
Penalty Kill 4 Players Defense
Line #DefenseDefensePHYDFOFWanted %Time %Time Play
1Darnell NurseColton Parayko1315858%3:27
2Jan RuttaBrent Burns1314242%2:30
Penalty Kill 3 Players
Line #WingPHYDFOFWanted %Time %Time PlayDefenseDefensePHYDFOFWanted %Time %Time Play
1Ryan O'Reilly041580%0:00 Darnell NurseColton Parayko041580%0:00
2Lars Eller041420%0:00 Jan RuttaBrent Burns041420%0:00
4 vs 4 Forward
Line #CenterWingPHYDFOFWanted %Time %Time Play
1Ryan O'ReillyFilip Forsberg032550%0:00
2Lars EllerT.J. Oshie032450%0:00
4 vs 4 Defense
Line #DefensePHYDFOFWanted %Time %Time Play
1Darnell NurseBrent Burns032550%0:00
2Colin MillerColton Parayko032450%0:00
Last Minutes Offensive
Left WingCenterRight WingDefenseDefense
Filip ForsbergRyan O'ReillyT.J. OshieDarnell NurseBrent Burns
Last Minutes Defensive
Left WingCenterRight WingDefenseDefense
Michael RasmussenRyan O'ReillyMatt NietoDarnell NurseColton Parayko
Time
Total ForwardTotal DefenseLast Minutes OffensiveLast Minutes Defensive
60:00 60:00 0:000:00
Extra Forwards
Normal PowerPlayPenalty Kill
Ryan O'Reilly, Filip Forsberg, T.J. OshieFilip Forsberg, T.J. OshieLars Eller
Extra Defensemen
Normal PowerPlayPenalty Kill
Brent Burns, Darnell Nurse, Colton ParaykoBrent Burns, Darnell NurseColton Parayko
Penalty Shots
T.J. Oshie, Filip Forsberg, Ryan O'Reilly, Brent Burns, Sam Gagner
Goalie
Anthony Stolarz, Sergei Bobrovsky
Scratches
None

Golden Knights

5 vs 5 Forward
Line #Left WingCenterRight WingPHYDFOFWanted %Time %Time Play
1Kyle ConnorMika ZibanejadMitchell Marner1224235%18:23
2Chandler StephensonPatrice BergeronNick Suzuki1223229%14:56
3Michael BuntingDylan StromeTroy Terry1222422%11:41
4Alex NewhookKirby DachDaniel Sprong122214%7:08
5 vs 5 Defense
Line #DefenseDefensePHYDFOFWanted %Time %Time Play
1Cale MakarJaccob Slavin1224039%20:05
2Charlie McAvoyJosh Morrissey1224039%20:35
3Ilya LyubushkinJani Hakanpaa1222021%10:57
4Cale MakarJaccob Slavin12201%0:31
Power Play Forward
Line #Left WingCenterRight WingPHYDFOFWanted %Time %Time Play
1Kyle ConnorMika ZibanejadMitchell Marner0146552%3:06
2Chandler StephensonNick SuzukiTroy Terry0143548%2:51
Power Play Defense
Line #DefenseDefensePHYDFOFWanted %Time %Time Play
1Cale MakarJaccob Slavin1136063%3:44
2Charlie McAvoyJosh Morrissey1134037%2:13
Penalty Kill 4 Players Forward
Line #CenterWingPHYDFOFWanted %Time %Time Play
1Mika ZibanejadKyle Connor1405089%1:42
2Patrice BergeronChandler Stephenson0415011%0:13
Penalty Kill 4 Players Defense
Line #DefenseDefensePHYDFOFWanted %Time %Time Play
1Cale MakarJaccob Slavin14060100%1:55
2Charlie McAvoyJosh Morrissey140400%0:00
Penalty Kill 3 Players
Line #WingPHYDFOFWanted %Time %Time PlayDefenseDefensePHYDFOFWanted %Time %Time Play
1Mika Zibanejad140600%0:00 Cale MakarJaccob Slavin140600%0:00
2Patrice Bergeron140400%0:00 Charlie McAvoyJosh Morrissey140400%0:00
4 vs 4 Forward
Line #CenterWingPHYDFOFWanted %Time %Time Play
1Mika ZibanejadKyle Connor122600%0:00
2Patrice BergeronChandler Stephenson122400%0:00
4 vs 4 Defense
Line #DefensePHYDFOFWanted %Time %Time Play
1Cale MakarJaccob Slavin122600%0:00
2Charlie McAvoyJosh Morrissey122400%0:00
Last Minutes Offensive
Left WingCenterRight WingDefenseDefense
Kyle ConnorMika ZibanejadMitchell MarnerCale MakarJaccob Slavin
Last Minutes Defensive
Left WingCenterRight WingDefenseDefense
Kyle ConnorMika ZibanejadMitchell MarnerCale MakarJaccob Slavin
Time
Total ForwardTotal DefenseLast Minutes OffensiveLast Minutes Defensive
60:00 60:00 0:000:00
Extra Forwards
Normal PowerPlayPenalty Kill
Chandler Stephenson, Nick Suzuki, Troy TerryChandler Stephenson, Nick SuzukiChandler Stephenson
Extra Defensemen
Normal PowerPlayPenalty Kill
Josh Morrissey, Ilya Lyubushkin, Jani HakanpaaJosh Morrissey, Josh MorrisseyIlya Lyubushkin
Penalty Shots
Mika Zibanejad, Mitchell Marner, Nick Suzuki, Kyle Connor, Chandler Stephenson
Goalie
Darcy Kuemper, Kevin Lankinen
Scratches
None


Play-by-Play

1st period


0:01 of 1st period - Mika Zibanejad wins face-off versus Ryan O'Reilly in neutral zone.
0:08 of 1st period - Snap shot by Mitchell Marner.
0:08 of 1st period - Stopped by Anthony Stolarz with a rebound.
0:14 of 1st period - Slapshot by Brent Burns.
0:14 of 1st period - Deflect By Filip Forsberg.
0:14 of 1st period - Shot Blocked by Jaccob Slavin.
0:14 of 1st period - Puck is out of play.
0:15 of 1st period - Michael Rasmussen wins face-off versus Patrice Bergeron in Golden Knights zone.
1:07 of 1st period - Ilya Lyubushkin is hit by Cal Clutterbuck and loses puck.
1:12 of 1st period - Slapshot by Darnell Nurse.
1:12 of 1st period - Stopped by Darcy Kuemper without a rebound.
1:13 of 1st period - Mika Zibanejad wins face-off versus Ryan O'Reilly in Golden Knights zone.
1:28 of 1st period - Wrist shot by Mika Zibanejad.
1:28 of 1st period - Shot Misses the Net.
1:30 of 1st period - Wrist shot by Mitchell Marner.
1:30 of 1st period - Deflect By Mika Zibanejad.
1:30 of 1st period - Shot Misses the Net.
1:30 of 1st period - Puck is out of play.
1:31 of 1st period - Patrice Bergeron wins face-off versus Sam Gagner in Maple Leafs zone.
1:32 of 1st period - Snap shot by Nick Suzuki.
1:32 of 1st period - Deflect By Patrice Bergeron.
1:32 of 1st period - Shot Misses the Net.
1:32 of 1st period - Puck is out of play.
1:33 of 1st period - Patrice Bergeron wins face-off versus Sam Gagner in Maple Leafs zone.
1:48 of 1st period - Snap shot by Nick Suzuki.
1:48 of 1st period - Stopped by Anthony Stolarz with a rebound.
1:50 of 1st period - Slapshot by Ilya Lyubushkin.
1:50 of 1st period - Stopped by Anthony Stolarz with a rebound.
2:23 of 1st period - Off-side.
2:24 of 1st period - Ryan O'Reilly wins face-off versus Mika Zibanejad in neutral zone.
2:43 of 1st period - Snap shot by Ryan O'Reilly.
2:43 of 1st period - Stopped by Darcy Kuemper with a rebound.
2:55 of 1st period - Snap shot by Mitchell Marner.
2:55 of 1st period - Stopped by Anthony Stolarz with a rebound.
3:27 of 1st period - Slapshot by Mitchell Marner.
3:27 of 1st period - Shot Misses the Net.
4:13 of 1st period - Snap shot by Mika Zibanejad.
4:13 of 1st period - Shot Misses the Net.
6:15 of 1st period - Snap shot by Mitchell Marner.
6:15 of 1st period - Shot Hit the Post.
6:17 of 1st period - Snap shot by Kyle Connor.
6:17 of 1st period - Shot Blocked by Darnell Nurse.
6:39 of 1st period - Wrist shot by Mika Zibanejad.
6:39 of 1st period - Stopped by Anthony Stolarz with a rebound.
6:41 of 1st period - Snap shot by Jaccob Slavin.
6:41 of 1st period - Shot Misses the Net.
6:43 of 1st period - Slapshot by Jaccob Slavin.
6:43 of 1st period - Shot Misses the Net.
6:45 of 1st period - Snap shot by Kyle Connor.
6:45 of 1st period - Stopped by Anthony Stolarz without a rebound.
6:46 of 1st period - Lars Eller wins face-off versus Patrice Bergeron in Maple Leafs zone.
6:51 of 1st period - Chandler Stephenson is hit by Lars Eller and loses puck.
7:12 of 1st period - Charlie McAvoy is hit by Michael Rasmussen and loses puck.
7:21 of 1st period - Wrist shot by Matt Nieto.
7:21 of 1st period - Shot Misses the Net.
7:23 of 1st period - Wrist shot by Matt Nieto.
7:23 of 1st period - Stopped by Darcy Kuemper without a rebound.
7:24 of 1st period - Patrice Bergeron wins face-off versus Sam Gagner in Golden Knights zone.
7:24 of 1st period - Patrice Bergeron is hit by Cal Clutterbuck.
7:34 of 1st period - Wrist shot by Nick Suzuki.
7:34 of 1st period - Stopped by Anthony Stolarz without a rebound.
7:35 of 1st period - Michael Rasmussen wins face-off versus Patrice Bergeron in Maple Leafs zone.
7:35 of 1st period - Michael Rasmussen is hit by Nick Suzuki.
7:43 of 1st period - Wrist shot by Matt Nieto.
7:43 of 1st period - Shot Misses the Net.
8:01 of 1st period - Nick Cousins is hit by Daniel Sprong.
8:13 of 1st period - Snap shot by Nick Cousins.
8:13 of 1st period - Shot Misses the Net.
8:27 of 1st period - Charlie McAvoy is hit by Nick Cousins and loses puck.
8:42 of 1st period - Colin Miller is hit by Kirby Dach and loses puck.
9:31 of 1st period - Snap shot by Nick Cousins.
9:31 of 1st period - Stopped by Darcy Kuemper without a rebound.
9:32 of 1st period - Vinnie Hinostroza wins face-off versus Chandler Stephenson in Golden Knights zone.
9:41 of 1st period - Wrist shot by Mason Appleton.
9:41 of 1st period - Stopped by Darcy Kuemper without a rebound.
9:42 of 1st period - Patrice Bergeron wins face-off versus Lars Eller in Golden Knights zone.
11:07 of 1st period - Snap shot by Lars Eller.
11:07 of 1st period - Stopped by Darcy Kuemper with a rebound.
11:17 of 1st period - Slapshot by Mason Appleton.
11:17 of 1st period - Shot Misses the Net.
11:19 of 1st period - Snap shot by Mason Appleton.
11:19 of 1st period - Shot Misses the Net.
11:57 of 1st period - Wrist shot by Nick Suzuki.
11:57 of 1st period - Shot Misses the Net.
12:09 of 1st period - Backhand shot by Lars Eller.
12:09 of 1st period - Stopped by Darcy Kuemper without a rebound.
12:10 of 1st period - Dylan Strome wins face-off versus Sam Gagner in Golden Knights zone.
12:18 of 1st period - Icing by Colin Miller.
12:19 of 1st period - Dylan Strome wins face-off versus Sam Gagner in Maple Leafs zone.
12:24 of 1st period - Snap shot by Dylan Strome.
12:24 of 1st period - Deflect By Colin Miller.
12:24 of 1st period - Shot Misses the Net.
12:24 of 1st period - Puck is out of play.
12:25 of 1st period - Dylan Strome wins face-off versus Sam Gagner in Maple Leafs zone.
12:28 of 1st period - Snap shot by Troy Terry.
12:28 of 1st period - Goal by Troy Terry - Maple Leafs : 0 - Golden Knights : 1.
12:29 of 1st period - Dylan Strome wins face-off versus Sam Gagner in neutral zone.
12:38 of 1st period - Michael Bunting is hit by Emil Bemstrom and loses puck.
12:59 of 1st period - Snap shot by Kyle Connor.
12:59 of 1st period - Stopped by Anthony Stolarz without a rebound.
13:00 of 1st period - Mika Zibanejad wins face-off versus Michael Rasmussen in Maple Leafs zone.
13:01 of 1st period - Slapshot by Mitchell Marner.
13:01 of 1st period - Stopped by Anthony Stolarz with a rebound.
13:15 of 1st period - Snap shot by Mitchell Marner.
13:15 of 1st period - Shot Misses the Net.
13:17 of 1st period - Slapshot by Ilya Lyubushkin.
13:17 of 1st period - Shot Blocked by Matt Nieto.
13:19 of 1st period - Snap shot by Mika Zibanejad.
13:19 of 1st period - Shot Blocked by Matt Nieto.
13:23 of 1st period - Wrist shot by Mitchell Marner.
13:23 of 1st period - Stopped by Anthony Stolarz with a rebound.
13:27 of 1st period - Slapshot by Mitchell Marner.
13:27 of 1st period - Stopped by Anthony Stolarz with a rebound.
13:31 of 1st period - Slapshot by Kyle Connor.
13:31 of 1st period - Stopped by Anthony Stolarz with a rebound.
13:39 of 1st period - Snap shot by Mika Zibanejad.
13:39 of 1st period - Stopped by Anthony Stolarz with a rebound.
13:58 of 1st period - Wrist shot by Kyle Connor.
13:58 of 1st period - Deflect By Mitchell Marner.
13:58 of 1st period - Stopped by Anthony Stolarz with a rebound.
14:17 of 1st period - Slapshot by Mitchell Marner.
14:17 of 1st period - Shot Hit the Post.
14:35 of 1st period - Wrist shot by Mika Zibanejad.
14:35 of 1st period - Stopped by Anthony Stolarz without a rebound.
14:36 of 1st period - Sam Gagner wins face-off versus Dylan Strome in Maple Leafs zone.
14:51 of 1st period - Snap shot by Sam Gagner.
14:51 of 1st period - Shot Blocked by Charlie McAvoy.
15:03 of 1st period - Chandler Stephenson is hit by Colton Parayko.
15:10 of 1st period - Off-side.
15:11 of 1st period - Dylan Strome wins face-off versus Lars Eller in neutral zone.
15:14 of 1st period - Nathan Beaulieu is hit by Dylan Strome and loses puck.
16:19 of 1st period - Snap shot by Lars Eller.
16:19 of 1st period - Shot Misses the Net.
16:33 of 1st period - Snap shot by Emil Bemstrom.
16:33 of 1st period - Stopped by Darcy Kuemper without a rebound.
16:34 of 1st period - Sam Gagner wins face-off versus Patrice Bergeron in Golden Knights zone.
17:01 of 1st period - Off-side.
17:02 of 1st period - Troy Terry wins face-off versus Ryan O'Reilly in neutral zone.
17:05 of 1st period - Slapshot by Dylan Strome.
17:05 of 1st period - Shot Hit the Post.
17:17 of 1st period - Slapshot by Troy Terry.
17:17 of 1st period - Shot Misses the Net.
17:19 of 1st period - Wrist shot by Jaccob Slavin.
17:19 of 1st period - Deflect By Filip Forsberg.
17:19 of 1st period - Stopped by Anthony Stolarz with a rebound.
17:29 of 1st period - Cal Clutterbuck is hit by Mitchell Marner and loses puck.
17:36 of 1st period - Jaccob Slavin is hit by Brent Burns and loses puck.
17:41 of 1st period - Wrist shot by Brent Burns.
17:41 of 1st period - Shot Blocked by Cale Makar.
18:34 of 1st period - Charlie McAvoy is hit by T.J. Oshie and loses puck.
18:45 of 1st period - Snap shot by Filip Forsberg.
18:45 of 1st period - Stopped by Darcy Kuemper without a rebound.
18:46 of 1st period - Dylan Strome wins face-off versus Emil Bemstrom in Golden Knights zone.
18:57 of 1st period - Slapshot by Josh Morrissey.
18:57 of 1st period - Stopped by Anthony Stolarz without a rebound.
18:58 of 1st period - Sam Gagner wins face-off versus Dylan Strome in Maple Leafs zone.
19:21 of 1st period - Icing by Colton Parayko.
19:22 of 1st period - Ryan O'Reilly wins face-off versus Mitchell Marner in Maple Leafs zone.
Goals for this period are 0 for Maple Leafs vs 1 for Golden Knights.
Shots for this period are 9 for Maple Leafs vs 18 for Golden Knights.

2nd period


0:01 of 2nd period - Patrice Bergeron wins face-off versus Sam Gagner in neutral zone.
0:08 of 2nd period - Cal Clutterbuck is hit by Josh Morrissey and loses puck.
0:37 of 2nd period - Snap shot by Mitchell Marner.
0:37 of 2nd period - Stopped by Anthony Stolarz with a rebound.
0:39 of 2nd period - Wrist shot by Kyle Connor.
0:39 of 2nd period - Shot Misses the Net.
0:59 of 2nd period - Snap shot by Ryan O'Reilly.
0:59 of 2nd period - Goal by Ryan O'Reilly - Maple Leafs : 1 - Golden Knights : 1.
1:00 of 2nd period - Matt Nieto wins face-off versus Patrice Bergeron in neutral zone.
1:03 of 2nd period - Slapshot by Colton Parayko.
1:03 of 2nd period - Shot Misses the Net.
1:09 of 2nd period - Slapshot by Josh Morrissey.
1:09 of 2nd period - Stopped by Anthony Stolarz with a rebound.
1:11 of 2nd period - Snap shot by Charlie McAvoy.
1:11 of 2nd period - Shot Blocked by Colin Miller.
1:12 of 2nd period - Patrice Bergeron and Nick Cousins fight to a draw.
1:12 of 2nd period - Penalty to Patrice Bergeron for Fighting.
1:12 of 2nd period - Penalty to Nick Cousins for Fighting.
1:12 of 2nd period - Penalty to Nick Cousins for instigated a fight.
1:12 of 2nd period - Penalty to Nick Cousins for instigated a fight.
1:13 of 2nd period - Lars Eller wins face-off versus Mika Zibanejad in Maple Leafs zone.
1:48 of 2nd period - Snap shot by Michael Rasmussen.
1:48 of 2nd period - Shot Misses the Net.
2:42 of 2nd period - Michael Rasmussen is hit by Chandler Stephenson and loses puck.
3:12 of 2nd period - Penalty to Nick Cousins is over, Emil Bemstrom is send on ice.
3:34 of 2nd period - Icing by Lars Eller.
3:35 of 2nd period - Lars Eller wins face-off versus Dylan Strome in Maple Leafs zone.
3:42 of 2nd period - Lars Eller is hit by Jani Hakanpaa and loses puck.
4:02 of 2nd period - Wrist shot by Nick Suzuki.
4:02 of 2nd period - Stopped by Anthony Stolarz with a rebound.
4:42 of 2nd period - Slapshot by Cale Makar.
4:42 of 2nd period - Deflect By Kirby Dach.
4:42 of 2nd period - Shot Misses the Net.
4:42 of 2nd period - Puck is out of play.
4:43 of 2nd period - Ryan O'Reilly wins face-off versus Mika Zibanejad in Maple Leafs zone.
5:02 of 2nd period - Ryan O'Reilly is hit by Mitchell Marner and loses puck.
5:15 of 2nd period - Wrist shot by Cal Clutterbuck.
5:15 of 2nd period - Stopped by Darcy Kuemper without a rebound.
5:16 of 2nd period - Troy Terry wins face-off versus Sam Gagner in Golden Knights zone.
5:39 of 2nd period - Nick Suzuki is hit by Cal Clutterbuck and loses puck.
5:48 of 2nd period - Slapshot by Sam Gagner.
5:48 of 2nd period - Shot Misses the Net.
5:50 of 2nd period - Wrist shot by Sam Gagner.
5:50 of 2nd period - Shot Hit the Post.
5:52 of 2nd period - Wrist shot by Sam Gagner.
5:52 of 2nd period - Goal by Sam Gagner - Maple Leafs : 2 - Golden Knights : 1.
5:53 of 2nd period - Mika Zibanejad wins face-off versus Ryan O'Reilly in neutral zone.
7:57 of 2nd period - Colton Parayko is hit by Nick Suzuki and loses puck.
8:23 of 2nd period - Slapshot by Colin Miller.
8:23 of 2nd period - Stopped by Darcy Kuemper with a rebound.
8:43 of 2nd period - Snap shot by Lars Eller.
8:43 of 2nd period - Shot Blocked by Mitchell Marner.
8:45 of 2nd period - Slapshot by Colin Miller.
8:45 of 2nd period - Shot Misses the Net.
8:47 of 2nd period - Slapshot by Colin Miller.
8:47 of 2nd period - Goal by Colin Miller - Maple Leafs : 3 - Golden Knights : 1.
8:48 of 2nd period - Michael Rasmussen wins face-off versus Kyle Connor in neutral zone.
8:51 of 2nd period - Mika Zibanejad is hit by Brent Burns and loses puck.
9:04 of 2nd period - Slapshot by Matt Nieto.
9:04 of 2nd period - Shot Blocked by Josh Morrissey.
9:25 of 2nd period - Wrist shot by Lars Eller.
9:25 of 2nd period - Shot Hit the Post.
10:16 of 2nd period - Darnell Nurse is hit by Alex Newhook and loses puck.
10:35 of 2nd period - Brent Burns is hit by Dylan Strome and loses puck.
10:50 of 2nd period - Snap shot by Sam Gagner.
10:50 of 2nd period - Stopped by Darcy Kuemper without a rebound.
10:51 of 2nd period - Sam Gagner wins face-off versus Patrice Bergeron in Golden Knights zone.
11:33 of 2nd period - Slapshot by Patrice Bergeron.
11:33 of 2nd period - Shot Blocked by Sam Gagner.
11:47 of 2nd period - Slapshot by Patrice Bergeron.
11:47 of 2nd period - Deflect By Nick Suzuki.
11:47 of 2nd period - Stopped by Anthony Stolarz without a rebound.
11:48 of 2nd period - Michael Rasmussen wins face-off versus Mitchell Marner in Maple Leafs zone.
11:48 of 2nd period - Michael Rasmussen is hit by Kyle Connor.
11:56 of 2nd period - Backhand shot by Mika Zibanejad.
11:56 of 2nd period - Stopped by Anthony Stolarz without a rebound.
11:57 of 2nd period - Mika Zibanejad wins face-off versus Michael Rasmussen in Maple Leafs zone.
12:00 of 2nd period - Backhand shot by Mitchell Marner.
12:00 of 2nd period - Shot Blocked by Darnell Nurse.
12:09 of 2nd period - Wrist shot by Mitchell Marner.
12:09 of 2nd period - Shot Blocked by Brent Burns.
12:21 of 2nd period - Slapshot by Darnell Nurse.
12:21 of 2nd period - Shot Misses the Net.
12:27 of 2nd period - Darnell Nurse is hit by Mitchell Marner and loses puck.
12:32 of 2nd period - Snap shot by Kyle Connor.
12:32 of 2nd period - Shot Blocked by Michael Rasmussen.
12:38 of 2nd period - Wrist shot by Mika Zibanejad.
12:38 of 2nd period - Shot Misses the Net.
12:52 of 2nd period - Michael Rasmussen is hit by Mika Zibanejad and loses puck.
13:07 of 2nd period - Slapshot by Darnell Nurse.
13:07 of 2nd period - Stopped by Darcy Kuemper without a rebound.
13:08 of 2nd period - Troy Terry wins face-off versus Vinnie Hinostroza in Golden Knights zone.
13:21 of 2nd period - Wrist shot by Troy Terry.
13:21 of 2nd period - Stopped by Anthony Stolarz without a rebound.
13:22 of 2nd period - Lars Eller wins face-off versus Dylan Strome in Maple Leafs zone.
13:39 of 2nd period - Jan Rutta is hit by Michael Bunting.
13:49 of 2nd period - Cal Clutterbuck is hit by Jaccob Slavin and loses puck.
13:56 of 2nd period - Snap shot by Colin Miller.
13:56 of 2nd period - Stopped by Darcy Kuemper without a rebound.
13:57 of 2nd period - Sam Gagner wins face-off versus Patrice Bergeron in Golden Knights zone.
14:02 of 2nd period - Wrist shot by Sam Gagner.
14:02 of 2nd period - Shot Misses the Net.
14:13 of 2nd period - Slapshot by Colin Miller.
14:13 of 2nd period - Stopped by Darcy Kuemper without a rebound.
14:14 of 2nd period - Mika Zibanejad wins face-off versus Lars Eller in Golden Knights zone.
14:43 of 2nd period - Snap shot by Michael Bunting.
14:43 of 2nd period - Shot Blocked by Brent Burns.
15:50 of 2nd period - Backhand shot by Ryan O'Reilly.
15:50 of 2nd period - Stopped by Darcy Kuemper without a rebound.
15:51 of 2nd period - Ryan O'Reilly wins face-off versus Dylan Strome in Golden Knights zone.
16:06 of 2nd period - Slapshot by Ryan O'Reilly.
16:06 of 2nd period - Shot Blocked by Cale Makar.
16:08 of 2nd period - Slapshot by T.J. Oshie.
16:08 of 2nd period - Shot Blocked by Dylan Strome.
16:10 of 2nd period - Wrist shot by Filip Forsberg.
16:10 of 2nd period - Stopped by Darcy Kuemper with a rebound.
16:12 of 2nd period - 10 Minutes Misconduct Penalty to Nick Cousins is over.
16:12 of 2nd period - Slapshot by Colin Miller.
16:12 of 2nd period - Deflect By Filip Forsberg.
16:12 of 2nd period - Shot Misses the Net.
16:12 of 2nd period - Puck is out of play.
16:13 of 2nd period - Lars Eller wins face-off versus Mika Zibanejad in Golden Knights zone.
16:40 of 2nd period - Nick Cousins is hit by Nick Suzuki and loses puck.
16:45 of 2nd period - Slapshot by Nick Suzuki.
16:45 of 2nd period - Deflect By Chandler Stephenson.
16:45 of 2nd period - Goal by Chandler Stephenson - Maple Leafs : 3 - Golden Knights : 2.
16:46 of 2nd period - Mika Zibanejad wins face-off versus Ryan O'Reilly in neutral zone.
16:49 of 2nd period - Backhand shot by Mika Zibanejad.
16:49 of 2nd period - Shot Misses the Net.
17:57 of 2nd period - Snap shot by Michael Bunting.
17:57 of 2nd period - Shot Misses the Net.
19:09 of 2nd period - Michael Bunting is hit by Matt Nieto and loses puck.
19:22 of 2nd period - Emil Bemstrom is hit by Alex Newhook.
19:28 of 2nd period - Slapshot by Alex Newhook.
19:28 of 2nd period - Shot Blocked by Colin Miller.
19:30 of 2nd period - Slapshot by Josh Morrissey.
19:30 of 2nd period - Shot Misses the Net.
19:32 of 2nd period - Slapshot by Daniel Sprong.
19:32 of 2nd period - Stopped by Anthony Stolarz with a rebound.
19:34 of 2nd period - Slapshot by Charlie McAvoy.
19:34 of 2nd period - Shot Misses the Net.
19:46 of 2nd period - Backhand shot by Colton Parayko.
19:46 of 2nd period - Stopped by Darcy Kuemper without a rebound.
19:47 of 2nd period - Ryan O'Reilly wins face-off versus Mika Zibanejad in Golden Knights zone.
19:54 of 2nd period - Wrist shot by Filip Forsberg.
19:54 of 2nd period - Shot Misses the Net.
Goals for this period are 3 for Maple Leafs vs 1 for Golden Knights.
Shots for this period are 12 for Maple Leafs vs 8 for Golden Knights.

3rd period


0:01 of 3rd period - Mika Zibanejad wins face-off versus Nick Cousins in neutral zone.
0:06 of 3rd period - Snap shot by Matt Nieto.
0:06 of 3rd period - Stopped by Darcy Kuemper with a rebound.
0:08 of 3rd period - Wrist shot by Matt Nieto.
0:08 of 3rd period - Shot Blocked by Jaccob Slavin.
0:10 of 3rd period - Slapshot by Darnell Nurse.
0:10 of 3rd period - Deflect By Nick Cousins.
0:10 of 3rd period - Stopped by Darcy Kuemper without a rebound.
0:11 of 3rd period - Ryan O'Reilly wins face-off versus Mitchell Marner in Golden Knights zone.
0:14 of 3rd period - Snap shot by Darnell Nurse.
0:14 of 3rd period - Stopped by Darcy Kuemper without a rebound.
0:15 of 3rd period - Ryan O'Reilly wins face-off versus Mika Zibanejad in Golden Knights zone.
0:18 of 3rd period - Wrist shot by Ryan O'Reilly.
0:18 of 3rd period - Stopped by Darcy Kuemper without a rebound.
0:19 of 3rd period - Mika Zibanejad wins face-off versus Ryan O'Reilly in Golden Knights zone.
0:39 of 3rd period - Slapshot by Jaccob Slavin.
0:39 of 3rd period - Stopped by Anthony Stolarz without a rebound.
0:40 of 3rd period - Lars Eller wins face-off versus Patrice Bergeron in Maple Leafs zone.
0:49 of 3rd period - Slapshot by Colton Parayko.
0:49 of 3rd period - Stopped by Darcy Kuemper without a rebound.
0:50 of 3rd period - Patrice Bergeron wins face-off versus Mason Appleton in Golden Knights zone.
1:09 of 3rd period - Slapshot by Lars Eller.
1:09 of 3rd period - Shot Misses the Net.
1:11 of 3rd period - Wrist shot by Lars Eller.
1:11 of 3rd period - Stopped by Darcy Kuemper without a rebound.
1:12 of 3rd period - Michael Rasmussen wins face-off versus Mika Zibanejad in Golden Knights zone.
1:39 of 3rd period - Nick Cousins is hit by Patrice Bergeron and loses puck.
1:46 of 3rd period - Wrist shot by Patrice Bergeron.
1:46 of 3rd period - Stopped by Anthony Stolarz without a rebound.
1:47 of 3rd period - Dylan Strome wins face-off versus Ryan O'Reilly in Maple Leafs zone.
1:55 of 3rd period - Minor Penalty to Nathan Beaulieu for Hooking.
1:56 of 3rd period - Lars Eller wins face-off versus Mika Zibanejad in Maple Leafs zone.
2:22 of 3rd period - Colton Parayko is hit by Jaccob Slavin and loses puck.
3:49 of 3rd period - Wrist shot by Sam Gagner.
3:49 of 3rd period - Shot Blocked by Jaccob Slavin.
3:55 of 3rd period - Penalty to Nathan Beaulieu is over, Nathan Beaulieu is back on ice.
3:58 of 3rd period - Icing by Darnell Nurse.
3:59 of 3rd period - Ryan O'Reilly wins face-off versus Alex Newhook in Maple Leafs zone.
4:17 of 3rd period - Ilya Lyubushkin is hit by T.J. Oshie and loses puck.
4:33 of 3rd period - Kirby Dach is hit by Filip Forsberg and loses puck.
4:40 of 3rd period - Ryan O'Reilly is hit by Jani Hakanpaa and loses puck.
4:53 of 3rd period - Jani Hakanpaa is hit by T.J. Oshie and loses puck.
5:16 of 3rd period - Snap shot by Daniel Sprong.
5:16 of 3rd period - Deflect By Kirby Dach.
5:16 of 3rd period - Shot Blocked by T.J. Oshie.
5:16 of 3rd period - Puck is out of play.
5:17 of 3rd period - Lars Eller wins face-off versus Mika Zibanejad in Maple Leafs zone.
6:10 of 3rd period - Wrist shot by Troy Terry.
6:10 of 3rd period - Deflect By Dylan Strome.
6:10 of 3rd period - Shot Blocked by Jan Rutta.
6:10 of 3rd period - Puck is out of play.
6:11 of 3rd period - Dylan Strome wins face-off versus Lars Eller in Maple Leafs zone.
6:45 of 3rd period - Slapshot by Nick Cousins.
6:45 of 3rd period - Stopped by Darcy Kuemper without a rebound.
6:46 of 3rd period - Michael Rasmussen wins face-off versus Mika Zibanejad in Golden Knights zone.
6:47 of 3rd period - Slapshot by Matt Nieto.
6:47 of 3rd period - Shot Misses the Net.
6:53 of 3rd period - Snap shot by Michael Rasmussen.
6:53 of 3rd period - Stopped by Darcy Kuemper without a rebound.
6:54 of 3rd period - Kyle Connor wins face-off versus Michael Rasmussen in Golden Knights zone.
6:54 of 3rd period - Kyle Connor is hit by Brent Burns.
7:05 of 3rd period - Slapshot by Michael Rasmussen.
7:05 of 3rd period - Stopped by Darcy Kuemper with a rebound.
7:07 of 3rd period - Snap shot by Michael Rasmussen.
7:07 of 3rd period - Deflect By Matt Nieto.
7:07 of 3rd period - Stopped by Darcy Kuemper with a rebound.
7:09 of 3rd period - Slapshot by Brent Burns.
7:09 of 3rd period - Shot Blocked by Mitchell Marner.
7:11 of 3rd period - Slapshot by Darnell Nurse.
7:11 of 3rd period - Deflect By Nick Cousins.
7:11 of 3rd period - Stopped by Darcy Kuemper with a rebound.
7:13 of 3rd period - Snap shot by Nick Cousins.
7:13 of 3rd period - Stopped by Darcy Kuemper without a rebound.
7:14 of 3rd period - Ryan O'Reilly wins face-off versus Patrice Bergeron in Golden Knights zone.
7:17 of 3rd period - Snap shot by Filip Forsberg.
7:17 of 3rd period - Stopped by Darcy Kuemper with a rebound.
7:27 of 3rd period - Slapshot by Charlie McAvoy.
7:27 of 3rd period - Stopped by Anthony Stolarz with a rebound.
7:29 of 3rd period - Wrist shot by Patrice Bergeron.
7:29 of 3rd period - Stopped by Anthony Stolarz with a rebound.
7:31 of 3rd period - Wrist shot by Chandler Stephenson.
7:31 of 3rd period - Deflect By Patrice Bergeron.
7:31 of 3rd period - Stopped by Anthony Stolarz with a rebound.
8:06 of 3rd period - Troy Terry is hit by Matt Nieto and loses puck.
8:40 of 3rd period - Icing by Cal Clutterbuck.
8:41 of 3rd period - Patrice Bergeron wins face-off versus Sam Gagner in Maple Leafs zone.
8:56 of 3rd period - Slapshot by Brent Burns.
8:56 of 3rd period - Stopped by Darcy Kuemper without a rebound.
8:57 of 3rd period - Patrice Bergeron wins face-off versus Ryan O'Reilly in Golden Knights zone.
9:01 of 3rd period - Josh Morrissey is hit by Ryan O'Reilly and loses puck.
9:06 of 3rd period - Wrist shot by Chandler Stephenson.
9:06 of 3rd period - Stopped by Anthony Stolarz without a rebound.
9:07 of 3rd period - Patrice Bergeron wins face-off versus T.J. Oshie in Maple Leafs zone.
9:08 of 3rd period - Snap shot by Chandler Stephenson.
9:08 of 3rd period - Shot Misses the Net.
9:10 of 3rd period - Snap shot by Patrice Bergeron.
9:10 of 3rd period - Shot Blocked by Colin Miller.
9:12 of 3rd period - Slapshot by Chandler Stephenson.
9:12 of 3rd period - Shot Misses the Net.
9:14 of 3rd period - Slapshot by Josh Morrissey.
9:14 of 3rd period - Stopped by Anthony Stolarz without a rebound.
9:15 of 3rd period - Ryan O'Reilly wins face-off versus Kyle Connor in Maple Leafs zone.
9:15 of 3rd period - Ryan O'Reilly is hit by Mika Zibanejad.
9:18 of 3rd period - Minor Penalty to Nathan Beaulieu for Kneeing.
9:19 of 3rd period - Lars Eller wins face-off versus Mika Zibanejad in Maple Leafs zone.
11:18 of 3rd period - Penalty to Nathan Beaulieu is over, Nathan Beaulieu is back on ice.
11:47 of 3rd period - Snap shot by Sam Gagner.
11:47 of 3rd period - Shot Blocked by Ilya Lyubushkin.
11:49 of 3rd period - Wrist shot by Sam Gagner.
11:49 of 3rd period - Stopped by Darcy Kuemper with a rebound.
11:51 of 3rd period - Slapshot by Darnell Nurse.
11:51 of 3rd period - Stopped by Darcy Kuemper without a rebound.
11:52 of 3rd period - Sam Gagner wins face-off versus Patrice Bergeron in Golden Knights zone.
11:55 of 3rd period - Slapshot by Sam Gagner.
11:55 of 3rd period - Shot Misses the Net.
11:57 of 3rd period - Wrist shot by Sam Gagner.
11:57 of 3rd period - Shot Misses the Net.
11:59 of 3rd period - Wrist shot by Cal Clutterbuck.
11:59 of 3rd period - Shot Misses the Net.
12:01 of 3rd period - Snap shot by Cal Clutterbuck.
12:01 of 3rd period - Shot Blocked by Charlie McAvoy.
12:03 of 3rd period - Wrist shot by Jan Rutta.
12:03 of 3rd period - Shot Blocked by Patrice Bergeron.
12:11 of 3rd period - Wrist shot by Emil Bemstrom.
12:11 of 3rd period - Shot Hit the Post.
12:25 of 3rd period - Snap shot by Sam Gagner.
12:25 of 3rd period - Shot Blocked by Josh Morrissey.
12:27 of 3rd period - Snap shot by Brent Burns.
12:27 of 3rd period - Shot Misses the Net.
12:29 of 3rd period - Slapshot by Sam Gagner.
12:29 of 3rd period - Stopped by Darcy Kuemper with a rebound.
12:31 of 3rd period - Snap shot by Cal Clutterbuck.
12:31 of 3rd period - Stopped by Darcy Kuemper without a rebound.
12:32 of 3rd period - Mika Zibanejad wins face-off versus Ryan O'Reilly in Golden Knights zone.
12:47 of 3rd period - Slapshot by Mitchell Marner.
12:47 of 3rd period - Stopped by Anthony Stolarz without a rebound.
12:48 of 3rd period - Dylan Strome wins face-off versus Vinnie Hinostroza in Maple Leafs zone.
13:00 of 3rd period - Off-side.
13:01 of 3rd period - Ryan O'Reilly wins face-off versus Mika Zibanejad in neutral zone.
13:10 of 3rd period - Wrist shot by Filip Forsberg.
13:10 of 3rd period - Shot Blocked by Josh Morrissey.
13:18 of 3rd period - Wrist shot by Mitchell Marner.
13:18 of 3rd period - Shot Blocked by Colin Miller.
13:38 of 3rd period - Snap shot by Mason Appleton.
13:38 of 3rd period - Stopped by Darcy Kuemper without a rebound.
13:39 of 3rd period - Mika Zibanejad wins face-off versus Michael Rasmussen in Golden Knights zone.
13:39 of 3rd period - Mika Zibanejad is hit by Jan Rutta.
14:10 of 3rd period - Jani Hakanpaa is hit by Jan Rutta and loses puck.
15:43 of 3rd period - Wrist shot by Nick Suzuki.
15:43 of 3rd period - Deflect By Darnell Nurse.
15:43 of 3rd period - Shot Misses the Net.
15:43 of 3rd period - Puck is out of play.
15:44 of 3rd period - Dylan Strome wins face-off versus Lars Eller in Maple Leafs zone.
15:47 of 3rd period - Slapshot by Troy Terry.
15:47 of 3rd period - Shot Misses the Net.
15:53 of 3rd period - Wrist shot by Troy Terry.
15:53 of 3rd period - Deflect By Michael Bunting.
15:53 of 3rd period - Shot Misses the Net.
15:53 of 3rd period - Puck is out of play.
15:54 of 3rd period - Dylan Strome wins face-off versus Lars Eller in Maple Leafs zone.
15:57 of 3rd period - Slapshot by Dylan Strome.
15:57 of 3rd period - Shot Blocked by Colin Miller.
16:05 of 3rd period - Wrist shot by Lars Eller.
16:05 of 3rd period - Stopped by Darcy Kuemper without a rebound.
16:06 of 3rd period - Lars Eller wins face-off versus Dylan Strome in Golden Knights zone.
16:07 of 3rd period - Wrist shot by Vinnie Hinostroza.
16:07 of 3rd period - Stopped by Darcy Kuemper without a rebound.
16:08 of 3rd period - Dylan Strome wins face-off versus Lars Eller in Golden Knights zone.
16:49 of 3rd period - Mika Zibanejad is hit by Colin Miller and loses puck.
17:18 of 3rd period - Jan Rutta is hit by Nick Suzuki and loses puck.
17:33 of 3rd period - Snap shot by Troy Terry.
17:33 of 3rd period - Stopped by Anthony Stolarz without a rebound.
17:34 of 3rd period - Lars Eller wins face-off versus Dylan Strome in Maple Leafs zone.
17:34 of 3rd period - Lars Eller is hit by Troy Terry.
18:02 of 3rd period - Slapshot by Colton Parayko.
18:02 of 3rd period - Stopped by Darcy Kuemper with a rebound.
18:04 of 3rd period - Minor Penalty to Michael Bunting for Hooking.
18:05 of 3rd period - Ryan O'Reilly wins face-off versus Mika Zibanejad in Golden Knights zone.
18:10 of 3rd period - Slapshot by Darnell Nurse.
18:10 of 3rd period - Stopped by Darcy Kuemper without a rebound.
18:11 of 3rd period - Ryan O'Reilly wins face-off versus Mika Zibanejad in Golden Knights zone.
18:24 of 3rd period - Slapshot by T.J. Oshie.
18:24 of 3rd period - Shot Blocked by Jaccob Slavin.
18:35 of 3rd period - Icing by Brent Burns.
18:36 of 3rd period - Patrice Bergeron wins face-off versus Ryan O'Reilly in Maple Leafs zone.
18:57 of 3rd period - Wrist shot by Ryan O'Reilly.
18:57 of 3rd period - Shot Misses the Net.
18:59 of 3rd period - Snap shot by Filip Forsberg.
18:59 of 3rd period - Stopped by Darcy Kuemper with a rebound.
19:01 of 3rd period - Slapshot by Brent Burns.
19:01 of 3rd period - Stopped by Darcy Kuemper with a rebound.
Goals for this period are 0 for Maple Leafs vs 0 for Golden Knights.
Shots for this period are 25 for Maple Leafs vs 9 for Golden Knights.